 Dungeon Crawl Stone Soup version 0.20-a0-1000-g0e8f6bb (webtiles) character file.

1796 Jarlath the Thaumaturge (level 8, -1/51 HPs)
             Began as a Deep Elf Ice Elementalist on Apr 12, 2017.
             Slain by an ogre
             ... wielding a +0 giant club
              (21 damage)
             ... on level 7 of the Dungeon.
             The game lasted 00:08:28 (6073 turns).

Jarlath the Thaumaturge (Deep Elf Ice Elementalist) Turns: 6073, Time: 00:08:29

Health: -1/51      AC:  8    Str:  5    XL:     8   Next: 83%
Magic:  8/22       EV: 12    Int: 27    God:
Gold:   603        SH:  0    Dex: 15    Spells: 12/24 levels left

rFire    . . .     SeeInvis .   g - +3 short sword (elec)
rCold    . . .     Gourm    +   (no shield)
rNeg     . . .     Faith    .   n - +0 troll leather armour {Purgy}
rPois    .         Spirit   .   u - +0 helmet
rElec    .         Reflect  .   d - +0 cloak
rCorr    .         Harm     .   (no gloves)
MR       .....                  (no boots)
Stlth    ++........             k - amulet of the gourmand
Regen    0.6/turn               e - ring of flight
MPRegen  0.2/turn               (no ring)

@: lethally poisoned (-1 -> -1)
A: iridescent scales 1, clever 2, sturdy frame 1
a: Evoke Flight


You were on level 7 of the Dungeon.
You were full.

You visited 1 branch of the dungeon, and saw 7 of its levels.
You also visited: Sewer and Ossuary.

You collected 603 gold pieces.

Inventory:

Hand Weapons
 g - a +3 short sword of electrocution (weapon)
Armour
 d - a +0 cloak (worn)
 n - a +0 troll leather armour (worn) {Purgy}
 u - a +0 helmet (worn)
Jewellery
 e - a ring of flight (left hand)
 k - an amulet of the gourmand (around neck)
 y - an uncursed amulet of faith
Wands
 i - a wand of disintegration (7/24)
 l - a wand of random effects (48/48)
 r - a wand of random effects (15/48)
 x - a wand of random effects (13/48)
Scrolls
 f - 3 scrolls of remove curse
 o - 2 scrolls of magic mapping
 t - 2 scrolls of immolation
Potions
 a - a potion of curing
 m - a potion of flight
 s - 2 potions of mutation
 v - a potion of magic
Books
 b - a book of Frost

   Spells                             Type                      Level
   a - Freeze                         Ice                          1
   b - Throw Frost                    Conjuration/Ice              2
   c - Ozocubu's Armour               Charms/Ice                   3
   d - Throw Icicle                   Conjuration/Ice              4
   e - Summon Ice Beast               Ice/Summoning                4
Comestibles
 c - 10 bread rations
 j - 2 royal jellies


   Skills:
 - Level 6.0 Fighting
 * Level 4.5 Short Blades
 - Level 2.4 Dodging
 + Level 4.2 Stealth
 - Level 8.5 Spellcasting
 - Level 1.1 Conjurations
 - Level 4.6 Ice Magic


You had 12 spell levels left.
You knew the following spells:

 Your Spells              Type           Power        Failure   Level  Hunger
a - Freeze                Ice            ####         1%          1    None
b - Ozocubu's Armour      Chrm/Ice       ###.....     10%         3    None
c - Throw Icicle          Conj/Ice       ####....     17%         4    #......
d - Summon Ice Beast      Ice/Summ       ###.....     24%         4    #......


Dungeon Overview and Level Annotations

Branches:
Dungeon (7/15)
 Temple: D:4-7

Altars:
Hepliaklqana
Kikubaaqudgha
Xom
Yredelemnul

Annotations:
D:7 handsome's ghost, novice OgMo


Innate Abilities, Weirdness & Mutations

You are partially covered in iridescent scales. (AC +2)
Your mind is very acute. (Int +4)
Your movements are slightly less encumbered by armour. (ER -2)


Message History

Aim: an ogre, wielding a giant club (heavily wounded)
The shard of ice hits the ogre.
The ogre is severely wounded.
The big kobold shouts!
Handsome's ghost hits you!
* * * LOW HITPOINT WARNING * * *
The ogre closely misses you.
Unknown command.
You feel much better.
You feel sick. Handsome's ghost barely misses you. The ogre closely misses you.
Unknown command.
Casting: Throw Icicle
Confirm with . or Enter, or press ? or * to list all spells.
Aiming: Throw Icicle
Press: ? - help, Shift-Dir - straight line, f/p - ogre
Aim: an ogre, wielding a giant club (heavily wounded)
The shard of ice hits the ogre.
The ogre is almost dead.
Handsome's ghost hits you. The ogre hits you with a giant club!!
You die...

*,*,,,**,***,*,,,,,,*
*,*,,,,,,,,*,******** *****
***+**,,,,,,,*,*******##*****,+,,
,,,,,*,,,,,,,*,*,,,,,...,,,,,,***
*,,,,*****+***,*,,**..#*..**,,*,,
<,,,,* *,* *,*,,##..*#.o**,,*,,
,,,,,*****,* *,***..#*..#*..*****
,,,,,,,,,,,***,###..##..*#..****,
*,,,,****,,,,,,#@O#*..#*..#***,,*
*********,,,,,,#.W##.y##..****,,*
,,,,,,*,,,,,,,,###..#*..#*,,****,
*****,*+***+**,#*#..##..#*,,* **
*,,,,,,**,,,,#..##..#*,,*** *
*,,,,,,**,**,#..##.K#*,,*** *
**,,,,,,**,**,###..##..#*,,* *
*,,,,,,,**,**,* #.†#*..#*,,*****
*,,,,,,,**,**,* #...,....,,,,,*


You could see a big kobold, an ogre and handsome's ghost.

Vanquished Creatures
  Duvessa (D:4)
  A black bear (D:5)
  An ice beast (D:5)
  Purgy (Sewer)
  Dowan (D:4)
  7 scorpions
  A killer bee (D:7)
  The ghost of raszama the Insei, a weakling MfTm (D:3)
  2 howler monkeys
  A crimson imp (D:7)
  A bullfrog zombie (D:5)
  An orc priest (D:4)
  2 centaur skeletons
  3 orc wizards (D:4)
  3 worker ants
  Natasha (thrice) (D:2)
  2 mummies (Ossuary)
  6 gnolls
  15 adders
  A shadow imp (D:5)
  2 adder skeletons (D:5)
  2 dart slugs
  6 leopard geckos
  14 orcs
  9 giant cockroaches
  2 goblins (D:2)
  5 hobgoblins
  6 jackals
  2 quokkas
  3 ball pythons
  7 bats
  4 frilled lizards
  3 gnoll zombies (Ossuary)
  3 goblin zombies (Ossuary)
  2 hobgoblin zombies (Ossuary)
  9 kobolds
  A leopard gecko skeleton (D:4)
  7 rats
141 creatures vanquished.

Vanquished Creatures (collateral kills)
  The ghost of Satan6666666 the Thaumaturge, an amateur DEEE (D:4)
  A gnoll (D:4)
  A frilled lizard (D:4)
  2 gnoll zombies (Ossuary)
  A goblin zombie (Ossuary)
  2 hobgoblin zombies (Ossuary)
  An orc zombie (Ossuary)
9 creatures vanquished.

Grand Total: 150 creatures vanquished

Notes
Turn   | Place    | Note
-------+----------+-------------------------------------------
     0 | D:1      | Jarlath the Deep Elf Ice Elementalist began the quest for the Orb.
     0 | D:1      | Reached XP level 1. HP: 10/10 MP: 6/6
   210 | D:1      | Reached XP level 2. HP: 15/15 MP: 8/8
  1174 | D:2      | Reached skill level 4 in Spellcasting
  1177 | D:2      | Reached XP level 3. HP: 12/19 MP: 6/10
  1453 | D:2      | Noticed Natasha
  1458 | D:2      | Killed Natasha
  1936 | D:2      | Learned a level 3 spell: Ozocubu's Armour
  1946 | D:2      | Reached XP level 4. HP: 21/24 MP: 9/12
  1964 | D:2      | Reached skill level 1 in Fighting
  2075 | D:2      | Noticed Natasha
  2084 | D:2      | Killed Natasha
  2084 | D:2      | Reached skill level 5 in Spellcasting
  2084 | D:2      | Reached XP level 5. HP: 18/30 MP: 9/14
  2610 | D:2      | Noticed Natasha
  2613 | D:2      | Killed Natasha
  3072 | D:3      | Reached XP level 6. HP: 36/36 MP: 16/16
  3465 | D:3      | Noticed raszama's ghost (weakling MfTm)
  3496 | D:4      | Reached skill level 6 in Spellcasting
  3751 | D:3      | Gained mutation: Your movements are slightly less encumbered by armour. (ER -2) [potion of mutation]
  3751 | D:3      | Gained mutation: Your mind is acute. (Int +2) [potion of mutation]
  3751 | D:3      | Gained mutation: You are partially covered in iridescent scales. (AC +2) [potion of mutation]
  3751 | D:3      | Gained mutation: Your mind is very acute. (Int +4) [potion of mutation]
  3762 | D:3      | Killed raszama's ghost
  3943 | D:3      | Learned a level 4 spell: Throw Icicle
  4042 | D:4      | Found a glowing drain.
  4055 | Sewer    | Entered a sewer
  4340 | Sewer    | Noticed Purgy
  4345 | Sewer    | Killed Purgy
  4345 | Sewer    | Reached XP level 7. HP: 38/44 MP: 16/19
  4599 | D:4      | Reached skill level 7 in Spellcasting
  4625 | D:4      | Noticed Satan6666666's ghost (amateur DEEE)
  4633 | D:4      | Learned a level 4 spell: Summon Ice Beast
  4645 | D:4      | Reached skill level 5 in Fighting
  4651 | D:4      | Killed Satan6666666's ghost
  4724 | D:4      | Found a basalt altar of Yredelemnul.
  4724 | D:4      | Found a shimmering altar of Xom.
  4725 | D:4      | Found a hazy altar of Hepliaklqana.
  4777 | D:4      | Noticed Dowan
  4779 | D:4      | Noticed Duvessa
  4790 | D:4      | Killed Duvessa
  4790 | D:4      | Reached XP level 8. HP: 41/51 MP: 13/21
  4795 | D:4      | Killed Dowan
  4903 | D:4      | Reached skill level 8 in Spellcasting
  5027 | D:5      | Entered Level 5 of the Dungeon
  5093 | D:5      | Found an ancient bone altar of Kikubaaqudgha.
  5109 | D:5      | Reached skill level 1 in Short Blades
  5840 | D:6      | Found a sand-covered staircase.
  5848 | Ossuary  | Entered an ossuary
  6039 | D:7      | Noticed a slime creature
  6059 | D:7      | Noticed handsome's ghost (novice OgMo)
  6073 | D:7      | Slain by an ogre

Vault maps used:
D:1:      lightli_arrival_windingriver
D:2:      uniq_natasha
D:3:      first_bread
D:4:      gammafunk_temple_overflow_claw, gup_sewer_entry_pipe,
          grunt_ministairs_10, kennysheep_generic_room_12, uniq_duvessa
D:5:      kiku_gazebo_garden_becter
D:6:      minmay_temple_entry_glass, enter_ossuary_1, grunt_potential
D:7:      wad_guarded_room
Sewer:    kennysheep_door_sewer
Ossuary:  minmay_ossuary_gauntlet

Skill      XL: |  1  2  3  4  5  6  7  8 |
---------------+-------------------------+-----
Spellcasting   | 4 5 6 7 8 |  8.5
Ice Magic      | 4 |  4.6
Fighting       | 1 2 4 5 6 |  6.0
Short Blades   | 4 |  4.5
Stealth        | 4 |  4.2
Dodging        | |  2.4
Conjurations   | |  1.1

Action                   |  1- 3 |  4- 6 |  7- 9 || total
-------------------------+-------+-------+-------++-------
Melee: Short sword       |    47 |   104 |   158 ||   309
       Unarmed           |     1 |       |       ||     1
 Cast: Freeze            |    19 |    60 |    29 ||   108
       Ozocubu's Armour  |     1 |     7 |     2 ||    10
       Summon Ice Beast  |       |       |     7 ||     7
       Throw Icicle      |       |       |     5 ||     5
  Use: Scroll            |     2 |     8 |     7 ||    17
       Potion            |       |     8 |     2 ||    10
 Stab: Sleeping          |     3 |     8 |     3 ||    14
       Distracted        |       |       |     2 ||     2
  Eat: Chunk             |     2 |    19 |     3 ||    24
Armor: Robe              |    13 |    30 |       ||    43
       Leather armour    |       |    13 |       ||    13
       Skin              |       |    11 |       ||    11
       Troll leather arm |       |       |    70 ||    70
Dodge: Dodged            |    41 |   100 |   120 ||   261
